 Dungeon Crawl Stone Soup version 0.28-a0-1510-gd0f6b136d3 (webtiles) character file.

Game seed: 3329485440722352865

23977 avis the Grappler (level 13, -2/138 HPs)
             Began as an Octopode Transmuter on Jan 12, 2022.
             Was an Initiate of Gozag.
             Slain by a death yak (14 damage)
             ... in an ice cave on Jan 15, 2022.
             The game lasted 01:55:35 (16471 turns).

avis the Grappler (Octopode Transmuter)            Turns: 16471, Time: 01:55:37

Health: -2/138     AC: 26    Str: 15    XL:     13   Next: 10%
Magic:  20/20      EV:  2    Int: 15    God:    Gozag
Gold:   3058       SH:  6    Dex: 12    Spells: 10/22 levels left

rFire   + . .      SeeInvis .     - Unarmed
rCold   . . .      Faith    .   t - +1 buckler
rNeg    . . .      Spirit   .   (helmet currently unavailable)
rPois   +          Reflect  .   v - amulet of regeneration
rElec   .          Harm     .   n - ring of protection from fire
rCorr   .          Rampage  .   I - ring of wizardry
Will    .....      NoTele   +   (no ring)
Stlth   +++.......              (no ring)
HPRegen 1.13/turn               (no ring)
MPRegen 0.17/turn               (no ring)
                                (no ring)
                                (no ring)

@: tree-form
A: stationary, stasis, torment immunity, boosted hp, almost no armour,
(amphibious), 8 rings, (camouflage 1), (gelatinous body 1), (nimble swimmer 1),
(tentacles)
a: Renounce Religion, Potion Petition, Call Merchant, Bribe Branch


You were in an ice cave.
You worshipped Gozag.
Gozag was most pleased with you.
You were a tree.
You visited 3 branches of the dungeon, and saw 14 of its levels.
You also visited: Bailey and Ice Cave.

You collected 4649 gold pieces.
You spent 305 gold pieces at shops.
You paid 1286 gold pieces to Gozag.

Inventory:

Hand Weapons
 w - a +2 scimitar of flaming
Missiles
 e - 4 datura-tipped darts
 f - 12 curare-tipped darts (quivered)
 i - 18 javelins
 o - 15 throwing nets
 A - 7 atropa-tipped darts
Armour
 t - a +1 buckler (worn)
 y - a +2 hat (melded)
Jewellery
 n - a ring of protection from fire (left branch)
 v - an amulet of regeneration (around neck)
 I - a ring of wizardry (right branch)
Wands
 m - a wand of mindburst (21)
 D - a wand of iceblast (8)
Scrolls
 h - 3 scrolls of fog
 j - 7 scrolls of teleportation
 l - 3 scrolls of blinking
 s - 3 scrolls of fear
Potions
 g - 2 potions of cancellation
 r - a potion of flight
 B - 2 potions of haste
 F - 2 potions of might
 G - a potion of magic
 H - 2 potions of resistance
 J - 2 potions of brilliance
 N - 2 potions of berserk rage
 O - 2 potions of curing


   Skills:
 - Level 10.0 Fighting
 - Level 10.0 Dodging
 - Level 5.0 Stealth
 - Level 4.0 Shields
 * Level 14.0 Unarmed Combat
 - Level 5.0 Spellcasting
 - Level 5.0 Transmutations
 - Level 4.0 Ice Magic
 - Level 2.0 Poison Magic


You had 10 spell levels left.
You knew the following spells:

 Your Spells              Type           Power      Damage    Failure   Level
a - Beastly Appendage     Tmut           36%        N/A       1%          1
c - Passwall              Tmut/Erth      9%         N/A       4%          2
e - Wereblood             Tmut           18%        N/A       1%          2
p - Spider Form           Tmut/Pois      14%        N/A       6%          3
q - Ice Form              Ice/Tmut       17%        N/A       13%         4

Your spell library contained the following spells:

 Spells                   Type           Power      Damage    Failure   Level
 Ensorcelled Hibernation  Hex/Ice        18%        N/A       6%          2
 Ignite Poison            Fire/Tmut/Pois 10%        N/A       10%         3
 Conjure Flame            Conj/Fire      3%         6-21      24%         3
 Dazzling Flash           Conj/Hex       6%         N/A       24%         3
 Swiftness                Air            3%         N/A       24%         3
 Tukima's Dance           Hex            3%         N/A       24%         3
 Anguish                  Hex/Necr       1%         N/A       58%         4
 Sticky Flame             Conj/Fire      3%         2d3       58%         4
 Agony                    Necr           3%         N/A       89%         5
 Silence                  Hex/Air        1%         N/A       89%         5
 Enfeeble                 Hex            1%         N/A       100%        7


Dungeon Overview and Level Annotations

Branches:
Dungeon (11/15)            Temple (1/1) D:5            Lair (2/6) D:11
    Orc (0/2) D:11         Bailey (visited)           IceCv (1/1)
  Swamp: Lair:2-4    Shoals: Lair:2-4     Snake: Lair:2-4    Spider: Lair:2-4

Altars:
Ashenzari
Cheibriados
Dithmenos
Elyvilon
Fedhas
Gozag
Hepliaklqana
Kikubaaqudgha
Makhleb
Nemelex Xobeh
Okawaru
Qazlal
Ru
Sif Muna
Trog
Uskayaw
Vehumet
Wu Jian
Xom
Yredelemnul
Zin
The Shining One
Jiyva

Shops:
D:4 [   D:6 *

Annotations:
D:10 2 transporters


Innate Abilities, Weirdness & Mutations

You are a tree.
Your roots penetrate the ground, keeping you stationary.
You cannot be teleported.
You are immune to unholy pain and torment.
Your maximum health is greatly increased.
You cannot wear most types of armour.
((You are amphibious.))
You can wear up to eight rings at the same time.
((Your skin changes colour to match your surroundings (Stealth+).))
((Your rubbery body absorbs attacks. (AC +1, EV +1)))
((You are camouflaged when in or above water. (Stealth+)))
((You have tentacles for arms and can constrict up to eight enemies at once.))


Message History

The death yak gores you!
* * * LOW HITPOINT WARNING * * *
The death yak completely misses you.
You punch the death yak! You freeze the death yak.
You kill the death yak!
Your Unarmed Combat skill increases to level 14!
The death yak is distracted by your dazzling golden aura.
The polar bear is distracted by your dazzling golden aura.
The yak gores you!
* * * LOW HITPOINT WARNING * * *
You completely miss the yak.
The polar bear is no longer distracted by gold.
The death yak is no longer distracted by gold.
The yak gores you.
* * * LOW HITPOINT WARNING * * *
Aiming: Iceblast
Press: ? - help, Shift-Dir - straight line, f - death yak
Aim: a death yak The mass of ice explodes!
The iceblast engulfs the death yak!
The death yak is lightly wounded.
The iceblast engulfs the yak!
The yak is moderately wounded.
The iceblast engulfs the polar bear.
The polar bear partially resists.
The polar bear is lightly wounded.
Aiming: Mindburst
Press: ? - help, Shift-Dir - straight line, f/p - death yak
Aim: a death yak (lightly wounded, chance to affect: 6%)
The death yak resists with almost no effort.
Your transformation is almost over.
The death yak gores you!
* * * LOW HITPOINT WARNING * * *
There is an ice choked empty arch of ancient stone here.
Really quaff the potion of lignification?
You warm up again.
Your +2 hat unmelds from your body.
Your +1 buckler unmelds from your body.
You turn into a tree.
Your +2 hat melds into your body.
Your roots penetrate the ground.
The yak gores you but does no damage. The death yak gores you!
You die...
Your body crumbles into a pile of gold.

#####
##...##
##..∩..##
#.......#
#...♣...#
##.YY..##
##.h.##
##...#
#...##
#...##
##.$.##
##.$.#
##$.#


You could see a death yak, a polar bear and a yak.

Vanquished Creatures
  Josephine (D:10)
  A boulder beetle (Lair:1)
  A hydra (Lair:2)
  A centaur warrior (D:11)
  Erica (D:9)
  2 two-headed ogres
  A death yak (IceCv)
  Urug (Lair:1)
  A deep elf pyromancer (D:9)
  5 elephants (Lair:1)
  Joseph (D:8)
  A centaur zombie (D:11)
  3 cane toads (Lair:1)
  A gargoyle (D:7)
  A rime drake (IceCv)
  Maggie (Lair:1)
  3 komodo dragons
  A kobold demonologist (D:7)
  2 trolls (D:10)
  3 polar bears
  6 blink frogs (Lair:1)
  6 wraiths
  A wyvern (Lair:2)
  Grum (D:6)
  21 yaks
  2 vampire mosquitoes (D:11)
  A water moccasin (Lair:1)
  Edmund (D:5)
  2 black bears (D:7)
  6 orc warriors
  A hornet zombie (D:7)
  A sky beast (D:5)
  4 ogres
  A necrophage (D:6)
  3 wolves
  5 centaurs
  A phantom (D:5)
  9 kobold brigands
  7 bullfrogs
  5 gnoll sergeants
  A cane toad simulacrum (Lair:2)
  4 scorpions
  An elephant simulacrum (Lair:2)
  6 killer bees (D:9)
  3 wights (D:8)
  8 electric eels
  4 jellies
  A bullfrog skeleton (D:5)
  6 orc priests
  17 hounds
  5 iguanas
  Jessica (D:3)
  2 centaur skeletons (D:5)
  3 gnoll shamans
  6 orc wizards
  5 hell rats (Lair:1)
  2 hound zombies (D:5)
  A hound skeleton (D:5)
  A mummy (D:6)
  3 howler monkey zombies
  32 gnolls
  A howler monkey skeleton (D:5)
  3 adders
  3 white imps
  An ufetubus (D:5)
  4 adder skeletons
  2 worms (D:2)
  A dart slug (D:3)
  24 orcs
  8 endoplasms
  2 giant cockroaches
  9 goblins
  3 hobgoblins
  4 jackals (D:6)
  A quokka (D:4)
  6 ball pythons
  3 bats
  4 frilled lizards
  27 kobolds
  A rat (D:1)
335 creatures vanquished.

Vanquished Creatures (others)
  A fungus (Lair:1)
  2 plants (Lair:1)
3 creatures vanquished.

Grand Total: 338 creatures vanquished

Notes
Turn   | Place    | Note
-------+----------+-------------------------------------------
     0 | D:1      | avis the Octopode Transmuter began the quest for the Orb.
     0 | D:1      | Reached XP level 1. HP: 13/13 MP: 3/3
   368 | D:1      | Found a faded altar of an unknown god.
   430 | D:1      | Reached XP level 2. HP: 19/19 MP: 3/5
   532 | D:1      | Reached skill level 1 in Stealth
  1278 | D:2      | Reached XP level 3. HP: 24/24 MP: 4/6
  1282 | D:2      | Learned a level 3 spell: Spider Form
  1398 | D:2      | Identified the +5 short sword of Ygag {speed, Str-4 Int+9}
  1406 | D:2      | Noticed a scorpion
  1417 | D:2      | Killed a scorpion
  1418 | D:2      | Reached XP level 4. HP: 24/31 MP: 0/7
  2226 | D:3      | Noticed Jessica
  2232 | D:3      | Reached XP level 5. HP: 36/36 MP: 5/8
  2236 | D:3      | Killed Jessica
  2249 | D:3      | Reached skill level 4 in Unarmed Combat
  2785 | D:3      | Found a shimmering blue altar of Sif Muna.
  3092 | D:4      | Noticed an ogre
  3101 | D:4      | Reached skill level 5 in Unarmed Combat
  3101 | D:4      | Reached XP level 6. HP: 27/42 MP: 6/9
  3194 | D:4      | Found an ancient bone altar of Kikubaaqudgha.
  3378 | D:4      | Reached XP level 7. HP: 29/46 MP: 7/11
  3664 | D:4      | Found Fowet's Armour Shoppe.
  4107 | D:5      | Entered Level 5 of the Dungeon
  4451 | D:5      | Reached skill level 6 in Unarmed Combat
  4465 | D:5      | Reached XP level 8. HP: 14/54 MP: 9/12
  4470 | D:5      | Reached skill level 7 in Unarmed Combat
  4511 | D:4      | Learned a level 4 spell: Ice Form
  4521 | D:4      | Reached skill level 1 in Ice Magic
  4872 | D:5      | Noticed Edmund
  4878 | D:5      | Killed Edmund
  4879 | D:5      | Upgraded the game from 0.28-a0-1447-ga5a8893891 to
                  | 0.28-a0-1493-g08698888e4
  5104 | D:5      | Found a staircase to the Ecumenical Temple.
  5113 | Temple   | Entered the Ecumenical Temple
  5174 | Temple   | Became a worshipper of Gozag Ym Sagoz the Greedy
  5780 | D:6      | Found Faelus's Assorted Antiques.
  5869 | D:6      | Found a hide-covered altar of Uskayaw.
  5872 | D:6      | Found an iron altar of Okawaru.
  5872 | D:6      | Found a blossoming altar of Fedhas.
  5896 | D:6      | Found a bloodstained altar of Trog.
  5945 | D:6      | Noticed Grum
  5960 | D:6      | Killed Grum
  5961 | D:6      | Reached skill level 5 in Fighting
  5961 | D:6      | Reached XP level 9. HP: 59/61 MP: 15/15
  6051 | D:6      | HP: 3/61 [gnoll sergeant (11)]
  6144 | D:6      | Reached skill level 8 in Unarmed Combat
  6206 | D:6      | Reached skill level 1 in Shields
  7364 | D:6      | Found a snail-covered altar of Cheibriados.
  7880 | D:6      | Learned a level 2 spell: Wereblood
  8074 | D:7      | Reached skill level 5 in Dodging
  8241 | D:7      | Reached XP level 10. HP: 66/66 MP: 16/16
  8243 | D:7      | Noticed a gargoyle
  8262 | D:7      | Killed a gargoyle
  8263 | D:7      | Reached skill level 9 in Unarmed Combat
  8263 | D:7      | Reached skill level 5 in Transmutations
  8306 | D:7      | Found a shimmering altar of Xom.
  8415 | D:7      | Noticed a kobold demonologist
  8419 | D:7      | Killed a kobold demonologist
  8420 | D:7      | Reached skill level 5 in Spellcasting
  9002 | D:8      | Found a flagged portal.
  9032 | Bailey   | Entered a bailey
  9059 | Bailey   | Reached skill level 5 in Stealth
  9316 | Bailey   | Found a bloodstained altar of Trog.
  9670 | D:8      | Noticed Joseph
  9738 | D:8      | Killed Joseph
 10264 | D:9      | Found a basalt altar of Yredelemnul.
 10290 | D:9      | Noticed Erica
 10317 | D:9      | Killed Erica
 10318 | D:9      | Reached skill level 10 in Unarmed Combat
 10436 | D:9      | Reached skill level 11 in Unarmed Combat
 10436 | D:9      | Reached XP level 11. HP: 29/72 MP: 14/18
 10495 | D:9      | Found a white marble altar of Elyvilon.
 10563 | D:9      | Noticed a deep elf pyromancer
 10575 | D:9      | Killed a deep elf pyromancer
 10605 | D:9      | Noticed a two-headed ogre
 10610 | D:9      | Killed a two-headed ogre
 11097 | D:9      | Learned a level 2 spell: Passwall
 11215 | D:9      | Upgraded the game from 0.28-a0-1493-g08698888e4 to
                  | 0.28-a0-1510-gd0f6b136d3
 11702 | D:6      | Bought a scroll of blinking for 165 gold pieces
 11702 | D:6      | Bought a scroll of fog for 44 gold pieces
 11702 | D:6      | Bought a scroll of amnesia for 77 gold pieces
 11702 | D:6      | Bought a purple potion for 19 gold pieces
 11866 | D:10     | Entered Level 10 of the Dungeon
 11941 | D:10     | Noticed a two-headed ogre
 11982 | D:10     | Killed a two-headed ogre
 12053 | D:10     | Found a viscous altar of Jiyva.
 12183 | D:10     | Noticed Josephine
 12264 | D:10     | Killed Josephine
 12265 | D:10     | Reached skill level 12 in Unarmed Combat
 12717 | D:10     | Found an ornate altar of the Wu Jian Council.
 12796 | D:10     | Found a sacrificial altar of Ru.
 12861 | D:10     | Found a transporter.
 12861 | D:10     | Found a transporter.
 12862 | D:10     | Noticed a glowing orange brain
 13290 | D:11     | Noticed a centaur warrior
 13300 | D:11     | Killed a centaur warrior
 13517 | D:11     | Reached skill level 13 in Unarmed Combat
 13671 | D:11     | Found a staircase to the Lair.
 13739 | D:11     | Reached XP level 12. HP: 84/84 MP: 15/19
 13967 | D:11     | Found a staircase to the Orcish Mines.
 14403 | Lair:1   | Entered Level 1 of the Lair of Beasts
 14403 | Lair:1   | Noticed Urug
 14432 | Lair:1   | Killed Urug
 14557 | Lair:1   | Noticed Maggie
 14571 | Lair:1   | Killed Maggie
 14635 | Lair:1   | Reached skill level 10 in Fighting
 15863 | Lair:2   | Noticed a boulder beetle
 15904 | Lair:1   | Killed a boulder beetle
 16278 | Lair:1   | Reached skill level 10 in Dodging
 16315 | Lair:2   | Noticed an eight-headed hydra
 16326 | Lair:2   | Killed an eight-headed hydra
 16339 | Lair:2   | Found a frozen archway.
 16347 | IceCv    | Entered an ice cave
 16365 | IceCv    | Reached XP level 13. HP: 69/92 MP: 20/20
 16462 | IceCv    | Reached skill level 14 in Unarmed Combat
 16467 | IceCv    | HP: 5/110 [death yak (15)]
 16471 | IceCv    | Slain by a death yak

Illustrated notes

Levels and vault maps discovered:
D:1:      dpeg_arrival_arbitrary_a, layout_loops_ring,
          dreamdust_ecumenical_altar_grove
D:2:      layout_rooms, hangedman_decor_lopped, minmay_pentomino_p2
D:3:      layout_basic, nicolae_sif_muna_condensation, serial_park_tiny_1,
          minmay_fountain_box, uniq_jessica
D:4:      layout_loops_ring, nicolae_overflow_hidden_temple, serial_shops,
          nicolae_shop_hallway_stairs, kennysheep_generic_room_13
D:5:      minmay_opposing_rooms, layout_basic, temple_fountains, uniq_edmund
D:6:      layout_cave_pools, grunt_temple_overflow_open, chei_slow_surprise,
          serial_gnoll_camp, gnoll_camp_mini_hut, gnoll_camp_medium_01,
          gnoll_camp_huts_moat, gnoll_camp_mini_shop, grums_kennel
D:7:      layout_loops_ring, lemuel_doored_altar, serial_glass, glass_columns_a,
          glass_columns_b, glass_columns_a, glass_columns_a, glass_columns_b,
          glass_columns_a, glass_columns_a, glass_columns_a, fountainhead
D:8:      layout_rooms, enter_bailey_5, minmay_crystal_water, uniq_joseph
D:9:      layout_stronghold, elyvilon_altar_5,
          mainiacjoe_overflow_concentric_impassable, uniq_erica
D:10:     gammafunk_jiyva_shrine, layout_loops_cross,
          mainiacjoe_overflow_alcove_2, nzn_wu_jian_contemplation,
          uniq_josephine
D:11:     layout_basic, erik_lair_island, david_orc_3
Temple:   zaba_magenta_temple
Lair:1:   layout_regular_city, uniq_urug, uniq_maggie
Lair:2:   layout_layer_cave, portal_ice_cave_entry_ice_simulacra,
          infiniplex_staircase_pool, uniq_fannar
IceCv:    ice_cave_small_giant

Skill      XL: |  1  2  3  4  5  6  7  8  9 10 11 12 13 |
---------------+----------------------------------------+-----
Fighting       | 2 3 4 5 6 8 10 | 10.0
Stealth        | 2 3 5 |  5.0
Poison Magic   | 2 |  2.0
Unarmed Combat | 5 6 7 8 11 13 14 | 14.0
Dodging        | 3 5 6 10 | 10.0
Spellcasting   | 3 4 5 |  5.0
Transmutations | 3 4 5 |  5.0
Ice Magic      | 4 |  4.0
Shields        | 4 |  4.0

Action                   |  1- 3 |  4- 6 |  7- 9 | 10-12 | 13-15 || total
-------------------------+-------+-------+-------+-------+-------++-------
Melee: Unarmed           |    12 |    46 |   260 |   492 |    23 ||   833
       Kick              |    14 |     7 |    10 |     1 |       ||    32
       Tentacles         |    11 |     5 |    14 |     3 |       ||    33
       Constrict         |    12 |     7 |     7 |     4 |       ||    30
       Short sword       |    35 |    28 |    39 |     7 |       ||   109
       Punch             |     1 |       |     4 |       |       ||     5
Throw: Boomerang         |       |       |       |    10 |       ||    10
       Dart              |       |       |       |     1 |       ||     1
 Cast: Beastly Appendage |    18 |    13 |     9 |     1 |       ||    41
       Spider Form       |       |     9 |    24 |    25 |       ||    58
       Ice Form          |       |       |    19 |    43 |     1 ||    63
       Passwall          |       |       |       |     1 |       ||     1
Invok: Potion Petition   |       |       |       |     5 |       ||     5
 Abil: End Transformatio |       |       |     1 |     5 |       ||     6
Evoke: Wand              |       |       |       |       |     2 ||     2
  Use: Potion            |       |       |     7 |     2 |     1 ||    10
       Scroll            |       |       |     9 |     8 |       ||    17
 Stab: Sleeping          |     9 |    12 |     7 |    11 |       ||    39
       Distracted        |       |       |     1 |     1 |       ||     2
       Invisible         |       |       |       |     2 |       ||     2
Armor: Skin              |     2 |     2 |    40 |    93 |     2 ||   139
Dodge: Dodged            |    15 |    48 |   248 |   324 |     4 ||   639
Block: Buckler           |       |       |       |    10 |       ||    10

Table legend: (Time is in decaauts)
 A = Elapsed time spent in this place.
 B = Non-inter-level travel time spent in this place.
 C = Inter-level travel time spent in this place.
 D = Time resting spent in this place.
 E = Time spent auto-exploring this place.
 F = Levels seen in this place.
 G = Mean time per level.
                   A        B        C        D        E       F      G
               +--------+--------+--------+--------+--------+-----+--------+
         Total |  16324 |  13694 |   2630 |   2169 |   6439 |  16 | 1020.2 |
       Dungeon |  14191 |  11648 |   2543 |   1818 |   5741 |  11 | 1290.1 |
        Temple |    157 |    139 |     18 |      0 |     50 |   1 |  157.0 |
          Lair |   1552 |   1484 |     68 |    246 |    648 |   2 |  776.0 |
        Bailey |    317 |    317 |      0 |     73 |      0 |   1 |  317.0 |
      Ice Cave |    105 |    105 |      0 |     32 |      0 |   1 |  105.0 |
               +--------+--------+--------+--------+--------+-----+--------+

Top non-repeatable levels by time:
     D:6: 2043 daAuts
     D:5: 1973 daAuts
    D:10: 1472 daAuts
     D:3: 1425 daAuts
  Lair:1: 1424 daAuts
     D:1: 1230 daAuts
     D:4: 1229 daAuts
     D:9: 1217 daAuts
     D:7: 1141 daAuts
    D:11: 930 daAuts
     D:8: 856 daAuts
     D:2: 669 daAuts
  Bailey: 317 daAuts
  Temple: 157 daAuts
  Lair:2: 127 daAuts
